 Dungeon Crawl Stone Soup version 0.27.1-3-gb3d3a73c9e (webtiles) character file.

Game seed: 17013722485818044182

471 Descartes the Gusty (level 6, -1/32 HPs)
             Began as a Deep Elf Air Elementalist on Oct 9, 2021.
             Killed from afar by an orc wizard (5 damage)
             ... with a magic dart
             ... on level 5 of the Dungeon.
             The game lasted 00:13:08 (3188 turns).

Descartes the Gusty (Deep Elf Air Elementalist)     Turns: 3188, Time: 00:13:09

Health: -1/32      AC:  5    Str:  5    XL:     6   Next: 83%
Magic:  12/12      EV: 12    Int: 22    God:
Gold:   148        SH:  0    Dex: 15    Spells: 3/11 levels left

rFire    + . .     SeeInvis .   u - +2 dagger (venom)
rCold    . . .     Faith    .   (no shield)
rNeg     . . .     Spirit   .   a - +0 robe
rPois    .         Reflect  .   d - +2 hat
rElec    .         Harm     .   (no cloak)
rCorr    .         Rampage  .   A - +0 pair of gloves
Will     .....                  (no boots)
Stlth    ++........             j - amulet of magic regeneration
HPRegen  0.10/turn              b - +4 ring of slaying
MPRegen  0.38/turn              f - ring of protection from fire

@: no status effects
A: no striking features
a: no special abilities


You were on level 5 of the Dungeon.
You visited 1 branch of the dungeon, and saw 5 of its levels.

You collected 148 gold pieces.

Inventory:

Hand Weapons
 c - a +0 dagger
 g - a +2 whip of venom
 u - a +2 dagger of venom (weapon)
Missiles
 i - 173 stones
 p - 11 boomerangs
 x - a throwing net
 E - 11 arrows
Armour
 a - a +0 robe (worn)
 d - a +2 hat (worn)
 A - a +0 pair of gloves (worn)
Jewellery
 b - a +4 ring of slaying (left hand)
 f - a ring of protection from fire (right hand)
 j - an amulet of magic regeneration (around neck)
Scrolls
 e - 2 scrolls of magic mapping {unknown}
 k - 6 scrolls of identify {unknown}
 n - a scroll of vulnerability {unknown}
 o - a scroll of immolation {unknown}
 s - 2 scrolls of enchant weapon {unknown}
 t - a scroll of enchant armour {unknown}
 v - 2 scrolls of teleportation {unknown}
 y - a scroll of fear {unknown}
 z - a scroll of amnesia {unknown}
 B - a scroll of noise {unknown}
 D - a scroll of summoning {unknown}
 F - a scroll of fog {unknown}
Potions
 h - 2 potions of curing {unknown}
 l - a potion of cancellation {unknown}
 m - 2 potions of haste {unknown}
 q - a potion of might {unknown}
 r - 2 potions of degeneration {unknown}
 w - a potion of flight {unknown}
 C - a potion of heal wounds {unknown}


   Skills:
 - Level 2.4 Dodging
 - Level 2.4 Stealth
 - Level 3.0 Spellcasting
 + Level 4.6 Conjurations
 * Level 6.0 Air Magic
 + Level 2.4 Earth Magic


You had 3 spell levels left.
You knew the following spells:

 Your Spells              Type           Power      Damage    Failure   Level
a - Shock                 Conj/Air       100%       1d9       1%          1
b - Airstrike             Air            14%        N/A       11%         4
c - Stone Arrow           Conj/Erth      36%        3d9       9%          3

Your spell library contained the following spells:

 Spells                   Type           Power      Damage    Failure   Level
 Static Discharge         Conj/Air       26%        N/A       1%          2
 Swiftness                Air            29%        N/A       3%          3
 Bolt of Magma            Conj/Fire/Erth 6%         4d6       78%         5
 Shatter                  Erth           7%         3d9*      100%        9


Dungeon Overview and Level Annotations

Branches:
Dungeon (5/15)
 Temple: D:4-7

Altars:
Okawaru
Yredelemnul


Message History

The zap hits the orc warrior!
The orc warrior is heavily wounded.
The zap hits the orc wizard.
The orc wizard is almost dead.
Casting: Shock (safe; 1% risk of failure)
Confirm with . or Enter, or press ? or * to list all spells.
Aiming: Shock (safe; 1% risk of failure)
Press: ? - help, Shift-Dir - straight line, f/p - orc warrior
Aim: an orc warrior, wielding a +0 scimitar of holy wrath and wearing a +0 plate armour (heavily wounded, 74% to hit)
The zap hits the orc warrior.
The orc warrior is severely wounded.
The zap hits the orc wizard but does no damage.
The orc wizard is almost dead.
Casting: Shock (safe; 1% risk of failure)
Confirm with . or Enter, or press ? or * to list all spells.
Aiming: Shock (safe; 1% risk of failure)
Press: ? - help, Shift-Dir - straight line, f/p - orc warrior
Aim: an orc warrior, wielding a +0 scimitar of holy wrath and wearing a +0 plate armour (severely wounded, 74% to hit)
The zap hits the orc warrior.
The orc warrior is almost dead.
The zap hits the orc wizard.
The orc wizard is almost dead.
The orc wizard mumbles some strange words.
The orc wizard flickers and vanishes!
Deactivating autopickup; reactivate with Ctrl-A.
A puff of flame appears from out of thin air!
The puff of flame hits you. You resist.
You hit the orc warrior.
The orc warrior is poisoned.
The orc warrior is almost dead.
The orc warrior misses you.
You barely miss the orc warrior.
The orc warrior is almost dead.
An orc comes into view. It is wielding a +2 vorpal hand axe.
The orc warrior hits you with a +0 scimitar of holy wrath!
The orc shouts!
The orc throws a boomerang.
The boomerang hits you.
* * * LOW HITPOINT WARNING * * *
A magic dart appears from out of thin air!
The magic dart hits you.
You die...

...........#.##...........
##########...##.....######
# ##..#......# #
..#..#...# # #.#..#...# #
#o#..######## ...
#..o{#......# ....
#....#......# ....
#....@......# ....
#.#.........# ....
#.#......##.. ...
#............ ..
#.##....###..
#.........<..
####....##... #.####....#
## #.....>...#


You could see an orc warrior (poisoned) and an orc.

Vanquished Creatures
  2 ogres (D:4)
  A scorpion (D:5)
  2 bullfrog skeletons
  A centaur skeleton (D:4)
  Robin (D:2)
  5 adders
  A white imp (D:5)
  A worm (D:2)
  2 dart slugs
  7 orcs
  7 endoplasms
  4 giant cockroaches
  12 goblins
  9 hobgoblins
  4 jackals
  A quokka (D:1)
  9 ball pythons
  6 bats
  3 frilled lizards
  7 kobolds
  9 rats
94 creatures vanquished.

Vanquished Creatures (others)
  A plant (D:1)
1 creature vanquished.

Grand Total: 95 creatures vanquished

Notes
Turn   | Place    | Note
-------+----------+-------------------------------------------
     0 | D:1      | Descartes the Deep Elf Air Elementalist began the quest for
                  | the Orb.
     0 | D:1      | Reached XP level 1. HP: 10/10 MP: 6/6
   151 | D:1      | Found a faded altar of an unknown god.
   218 | D:1      | Reached XP level 2. HP: 11/15 MP: 2/8
   835 | D:1      | Reached XP level 3. HP: 19/19 MP: 6/9
  1000 | D:2      | Found a basalt altar of Yredelemnul.
  1223 | D:2      | Reached skill level 4 in Air Magic
  1391 | D:2      | Noticed Robin
  1395 | D:2      | Reached XP level 4. HP: 24/24 MP: 4/10
  1402 | D:2      | Killed Robin
  2196 | D:3      | Learned a level 4 spell: Airstrike
  2200 | D:3      | Learned a level 3 spell: Stone Arrow
  2427 | D:4      | Reached XP level 5. HP: 26/28 MP: 4/11
  2555 | D:4      | Noticed an ogre
  2559 | D:4      | Killed an ogre
  2560 | D:4      | Reached skill level 5 in Air Magic
  2560 | D:4      | Reached skill level 1 in Earth Magic
  2590 | D:4      | Found an iron altar of Okawaru.
  2661 | D:4      | Reached XP level 6. HP: 26/32 MP: 4/12
  2919 | D:5      | Entered Level 5 of the Dungeon
  3143 | D:5      | Noticed an orc warrior
  3147 | D:5      | Reached skill level 6 in Air Magic
  3188 | D:5      | Killed from afar by an orc wizard

Illustrated notes

Levels and vault maps discovered:
D:1:      dpeg_arrival_ratfight, layout_rooms,
          shapermc_ecumenical_altar_totnotflames, serial_bayou_pond_e,
          st_stairs_8, minmay_pentomino_q4
D:2:      layout_loops_ring, basic_altar, uniq_robin
D:3:      layout_basic
D:4:      layout_basic, okawaru_gym_becter, kennysheep_generic_room_6
D:5:      layout_basic

Skill      XL: |  1  2  3  4  5  6 |
---------------+-------------------+-----
Conjurations   | 2 3 4 |  4.6
Air Magic      | 4 5 6 |  6.0
Earth Magic    | 1 2 |  2.4
Dodging        | |  2.4
Stealth        | |  2.4
Spellcasting   | |  3.0

Action                   |  1- 3 |  4- 6 || total
-------------------------+-------+-------++-------
Melee: Whip              |     1 |     2 ||     3
       Dagger            |       |     5 ||     5
 Cast: Shock             |    83 |    92 ||   175
       Airstrike         |       |     7 ||     7
       Stone Arrow       |       |     5 ||     5
Armor: Robe              |     1 |    10 ||    11
Dodge: Dodged            |     8 |    14 ||    22
